 Dungeon Crawl Stone Soup version 0.29-a0-824-gd827844252 (webtiles) character file.

Game seed: 8786997007404865707

2183 Decritt the Trooper (level 9, -8/57 HPs)
             Began as a Gargoyle Fighter on July 10, 2022.
             Was an Initiate of Ru.
             Mangled by an ice devil (23 damage)
             ... summoned by a kobold demonologist
             ... on level 7 of the Dungeon.
             The game lasted 00:24:49 (7437 turns).

Decritt the Trooper (Gargoyle Fighter)              Turns: 7437, Time: 00:24:50

Health: -8/57      AC: 21    Str: 25    XL:     9   Next: 33%
Magic:  9/9        EV:  7    Int:  8    God:    Ru [......]
Gold:   340        SH:  6    Dex: 15    Spells: 8/8 levels left

rFire   . . .      SeeInvis .   x - +2 morningstar (vamp)
rCold   . . .      Faith    .   c - +0 buckler
rNeg    + + .      Spirit   .   m - +2 plate armour
rPois   ∞          Reflect  .   (no helmet)
rElec   +          Harm     .   (no cloak)
rCorr   .          Rampage  .   (no gloves)
Will    .....                   (no boots)
Stlth   ..........              (no amulet)
HPRegen 0.19/turn               a - ring of positive energy
MPRegen 0.11/turn               h - +6 ring of dexterity

@: no status effects
A: sickness immunity, AC +6, negative energy resistance 1, electricity
resistance, torment resistance 1, petrification resistance
a: Renounce Religion


You were on level 7 of the Dungeon.
You worshipped Ru.
Ru was noncommittal.
You visited 2 branches of the dungeon, and saw 8 of its levels.

You collected 340 gold pieces.

Inventory:

Hand Weapons
 x - a +2 vampiric morningstar (weapon)
Armour
 c - a +0 buckler (worn)
 g - an orb of light
 m - a +2 plate armour (worn)
 q - a +0 chain mail of fire resistance
Jewellery
 a - a ring of positive energy (left hand)
 h - a +6 ring of dexterity (right hand)
Scrolls
 d - 2 scrolls of immolation {unknown}
 e - 3 scrolls of blinking {unknown}
 f - a scroll of fear {unknown}
 k - 2 scrolls of enchant weapon
 l - 2 scrolls of teleportation
 p - a scroll of poison
 r - a scroll of identify
Potions
 b - 6 potions of curing
 i - a potion of berserk rage {unknown}
 j - a potion of haste {unknown}
 n - 2 potions of brilliance
 o - a potion of resistance {unknown}
 s - a potion of lignification {unknown}
 w - 2 potions of ambrosia


   Skills:
 * Level 7.4 Fighting
 * Level 6.3 Maces & Flails
 * Level 7.4 Armour
 + Level 2.0 Dodging
 + Level 6.7 Shields


You had 8 spell levels left.
You didn't know any spells.
Your spell library contained the following spells:

 Spells                   Type           Power      Damage    Failure   Level
 Magic Dart               Conj           0%         1d3       100%        1
 Call Imp                 Summ           0%         N/A       100%        2
 Gell's Gravitas          Tloc           0%         N/A       100%        3
 Lesser Beckoning         Tloc           0%         N/A       100%        3
 Mephitic Cloud           Conj/Pois/Air  0%         N/A       100%        3
 Teleport Other           Tloc           0%         N/A       100%        3
 Dispersal                Tloc           0%         N/A       100%        6


Dungeon Overview and Level Annotations

Branches:
Dungeon (7/15)             Temple (1/1) D:4

Altars:
Ashenzari
Cheibriados
Elyvilon
Fedhas
Hepliaklqana
Kikubaaqudgha
Nemelex Xobeh
Qazlal
Ru
Sif Muna
Trog
Zin
The Shining One

Shops:
D:7 :


Innate Abilities, Weirdness & Mutations

You are immune to sickness and miasma.
Your stone body is resilient. (AC +6)
You are immune to poison.
You resist negative energy. (rN+)
You are resistant to electric shocks. (rElec)
You are resistant to unholy torment.
You are immune to petrification.


Message History

The kobold demonologist gestures wildly while chanting.
You hit the wraith but do no damage.
The wraith is almost destroyed.
The wraith hits you. The wraith hits you but does no damage.
You barely miss the wraith.
The wraith is almost destroyed.
The wraith hits you but does no damage. The wraith hits you.
* * * LOW HITPOINT WARNING * * *
You sock the wraith!
You destroy the wraith!
The kobold demonologist mumbles some strange words.
Your Dodging skill increases to level 2!
You closely miss the kobold demonologist.
The kobold demonologist hits you with a +0 dagger.
* * * LOW HITPOINT WARNING * * *
The kobold demonologist hits you but does no damage.
Okay, then.
You barely miss the kobold demonologist.
The kobold demonologist hits you with a +0 dagger.
* * * LOW HITPOINT WARNING * * *
The kobold demonologist casts a spell.
You puncture the kobold demonologist!
You feel better.
The kobold demonologist is heavily wounded.
You block the kobold demonologist's attack.
The ice devil closely misses you.
You hit the kobold demonologist.
You feel better.
The kobold demonologist is heavily wounded.
The kobold demonologist begins to cast a cantrip, but forgets the words!
You block the ice devil's attack. The ice devil hits you.
The ice devil freezes you!
* * * LOW HITPOINT WARNING * * *
The kobold demonologist barely misses you.
You barely miss the kobold demonologist.
The kobold demonologist is heavily wounded.
You feel yourself speed up.
The kobold demonologist hits you but does no damage.
You block the ice devil's attack. The ice devil hits you!
* * * LOW HITPOINT WARNING * * *
The ice devil freezes you!!
You die...

...########.###.###.##.#..#..#
..## #.###.###.##.......#
..##### #.##...##.##########
......#####.#..#..#.#
^.###...))....###...#
..#########.#..#..### .......#
#.##...##
.......####.###.######..
....>..D.......4@K44....
............#.##.##.##.#
.......######.##.# .......#
#.##.## ##.## ####....
#.#...#§...D# #####.
#...#..§...# .# ###...###..# #
.....## # #.#####


You could see 2 ice devils, a kobold demonologist and a chaos spawn (summoned).

Vanquished Creatures
  A wraith (D:7)
  2 water moccasins
  3 ice beasts
  A black bear (D:5)
  3 centaurs
  An ogre (D:5)
  A phantom (D:4)
  3 necrophages
  A scorpion (D:4)
  2 wights
  4 killer bees (D:7)
  6 orc priests
  Natasha (twice) (D:2)
  4 iguanas
  4 orc wizards
  5 adders
  An ufetubus (D:7)
  A worm (D:4)
  2 dart slugs
  11 orcs
  6 bats
  5 endoplasms
  5 giant cockroaches
  5 hobgoblins
  4 jackals (D:1)
  5 kobolds
  3 quokkas
  10 ball pythons
  2 frilled lizards
  6 goblins
  4 rats
113 creatures vanquished.

Vanquished Creatures (others)
  An orc wizard (D:7)
1 creature vanquished.

Grand Total: 114 creatures vanquished

Notes
Turn   | Place    | Note
-------+----------+-------------------------------------------
     0 | D:1      | Decritt the Gargoyle Fighter began the quest for the Orb.
     0 | D:1      | Reached XP level 1. HP: 14/14 MP: 1/1
    30 | D:1      | Reached XP level 2. HP: 7/19 MP: 2/2
   799 | D:1      | Reached XP level 3. HP: 23/23 MP: 3/3
   951 | D:2      | Noticed Natasha
   970 | D:2      | Killed Natasha
   971 | D:2      | Reached XP level 4. HP: 19/29 MP: 4/4
  1611 | D:2      | Noticed Natasha
  1618 | D:2      | Killed Natasha
  1845 | D:3      | Reached XP level 5. HP: 18/33 MP: 5/5
  2761 | D:4      | Noticed a phantom
  2788 | D:4      | Killed a phantom
  2789 | D:4      | Reached XP level 6. HP: 35/39 MP: 6/6
  2986 | D:4      | Reached skill level 5 in Fighting
  2986 | D:4      | Reached skill level 5 in Armour
  2986 | D:4      | Reached skill level 5 in Shields
  3064 | D:4      | Reached XP level 7. HP: 44/44 MP: 7/7
  3081 | D:4      | Found a staircase to the Ecumenical Temple.
  3098 | Temple   | Entered the Ecumenical Temple
  3853 | D:4      | Found a glowing silver altar of Zin.
  4063 | D:5      | Entered Level 5 of the Dungeon
  4334 | D:5      | Reached XP level 8. HP: 46/51 MP: 8/8
  4670 | D:5      | Reached skill level 5 in Maces & Flails
  5600 | D:6      | Found a shimmering blue altar of Sif Muna.
  5695 | D:6      | Found a sacrificial altar of Ru.
  5705 | D:6      | Became a worshipper of Ru the Awakened
  5753 | D:6      | Reached skill level 1 in Dodging
  6015 | D:7      | Found Ybleuje's Book Boutique.
  6629 | D:7      | Reached XP level 9. HP: 28/56 MP: 9/9
  7359 | D:6      | Found a sparkling altar of Nemelex Xobeh.
  7425 | D:7      | Noticed a kobold demonologist
  7430 | D:7      | Noticed an ice devil
  7435 | D:7      | Noticed an ice devil
  7437 | D:7      | Mangled by an ice devil

Illustrated notes

Levels and vault maps discovered:
D:1:      mrwooster_arrival_arrow, layout_rooms
D:2:      layout_loops_ring, minmay_3d_cube, uniq_natasha
D:3:      layout_loops_ring, serial_glass, glass_columns_c, glass_columns_a,
          serial_park_tiny_pond
D:4:      layout_basic, kennysheep_mini_moat, minmay_temple_entry_proselytizer
D:5:      layout_loops_corners
D:6:      layout_rooms, nicolae_ru_path_of_blood, mainiacjoe_overflow_brackets,
          nicolae_overflow_hidden_temple, grunt_ministairs_7
D:7:      minmay_blocky_corners, layout_loops_ring,
          mainiacjoe_overflow_surrounded_room, serial_shops,
          nicolae_shop_temple_entry_statues_fountains, grunt_ministairs_11,
          nicolae_eternal_life
Temple:   grunt_temple_mini_profane

Skill      XL: |  1  2  3  4  5  6  7  8  9 |
---------------+----------------------------+-----
Fighting       | 4 5 6 7 |  7.4
Armour         | 4 5 6 7 |  7.4
Shields        | 4 5 6 |  6.7
Maces & Flails | 3 4 5 6 |  6.3
Dodging        | 1 2 |  2.0

Action                   |  1- 3 |  4- 6 |  7- 9 || total
-------------------------+-------+-------+-------++-------
Melee: Flail             |    32 |       |       ||    32
       Short sword       |    47 |   106 |       ||   153
       Morningstar       |       |    70 |   202 ||   272
Throw: Stone             |     9 |       |       ||     9
       Boomerang         |       |       |     7 ||     7
  Use: Potion            |       |     1 |     4 ||     5
       Scroll            |       |    12 |     5 ||    17
Armor: Scale mail        |    17 |       |       ||    17
       Ring mail         |     9 |       |       ||     9
       Plate armour      |    27 |   109 |   189 ||   325
Dodge: Dodged            |    36 |    51 |   101 ||   188
Block: Buckler           |    21 |    43 |    54 ||   118

Table legend: (Time is in decaauts)
 A = Elapsed time spent in this place.
 B = Non-inter-level travel time spent in this place.
 C = Inter-level travel time spent in this place.
 D = Time resting spent in this place.
 E = Time spent auto-exploring this place.
 F = Levels seen in this place.
 G = Mean time per level.
                   A        B        C        D        E       F      G
               +--------+--------+--------+--------+--------+-----+--------+
         Total |   7556 |   7319 |    237 |   2134 |   3700 |   8 |  944.5 |
       Dungeon |   7091 |   6878 |    213 |   1888 |   3521 |   7 | 1013.0 |
        Temple |    464 |    440 |     24 |    246 |    179 |   1 |  464.0 |
               +--------+--------+--------+--------+--------+-----+--------+

Top non-repeatable levels by time:
     D:4: 1197 daAuts
     D:5: 1172 daAuts
     D:7: 1010 daAuts
     D:6: 993 daAuts
     D:3: 983 daAuts
     D:1: 952 daAuts
     D:2: 782 daAuts
  Temple: 464 daAuts
